 Dungeon Crawl Stone Soup version 0.32-a0-938-g40ac7a0f4d (webtiles) character file.

Game seed: 6429815068498480329

1617 Mgcat the Cleaver (level 8, 0/64 HPs)
             Began as a Coglin Fighter on Apr 15, 2024.
             Killed from afar by a steam dragon (11 damage)
             ... with a ball of steam
             ... on level 6 of the Dungeon.
             The game lasted 00:08:00 (4501 turns).

Mgcat the Cleaver (Coglin Fighter)                  Turns: 4501, Time: 00:08:00

Health: 0/64       AC: 14    Str: 19    XL:     8   Next: 96%
Magic:  8/8        EV:  7    Int:  8    God:
Gold:   263        SH:  0    Dex: 13    Spells: 7/7 levels left

rFire   . . .        a - +0 war axe {Guillermo}
rCold   . . .        g - +2 dagger (venom) {Ai}
rNeg    . . .        n - +0 chain mail
rPois   .            h - +0 helmet
rElec   .            d - +1 cloak
rCorr   .            b - +0 pair of gloves
SInv    .            (no boots)
Will    .....        (amulet unavailable) Stlth
                     (ring unavailable)
HPRegen 0.30/turn    (ring unavailable)
MPRegen 0.11/turn    (no gizmo)

%: no passive effects
@: revved
A: off-hand wielding, slow wielding, warmup strikes, no jewellery
a: Invent Gizmo


You were on level 6 of the Dungeon.
You visited 1 branch of the dungeon, and saw 6 of its levels.

You collected 263 gold pieces.

Inventory:

Hand Weapons
 a - a +0 war axe (weapon) {Guillermo}
 g - a +2 dagger of venom (offhand) {Ai}
   (You took it off a goblin on level 1 of the Dungeon)
Armour
 b - a +0 pair of gloves (worn)
   (You found it on level 3 of the Dungeon)
 d - a +1 cloak (worn)
   (You took it off Crazy Yiuf on level 3 of the Dungeon)
 h - a +0 helmet (worn)
   (You found it on level 1 of the Dungeon)
 n - a +0 chain mail (worn)
   (You found it on level 3 of the Dungeon)
 q - an orb of guile
   (You found it on level 5 of the Dungeon)
Wands
 j - a wand of paralysis (35)
   (You found it on level 4 of the Dungeon)
 s - a wand of iceblast (8)
   (You found it on level 6 of the Dungeon)
Scrolls
 c - a scroll of vulnerability {unknown}
 i - a scroll of identify {unknown}
 k - a scroll of enchant weapon {unknown}
 l - a scroll of enchant armour {unknown}
 m - a scroll of noise {unknown}
 o - a scroll of amnesia
 p - a scroll of immolation {unknown}
 r - a scroll of revelation {unknown}
 u - a scroll of fog {unknown}
 v - a scroll of teleportation {unknown}
Potions
 e - 3 potions of curing {unknown}
 f - a potion of brilliance
 t - a potion of heal wounds


   Skills:
 + Level 6.2 Fighting
 * Level 8.0 Axes
 + Level 5.6 Armour
 - Level 2.1 Shields


You had 7 spell levels left.
You didn't know any spells.
Your spell library contained the following spells:

 Spells                   Type           Power      Damage    Failure   Level
 Sigil of Binding         Hex            0%         N/A       100%        3
 Tukima's Dance           Hex            0%         N/A       100%        3
 Passage of Golubria      Tloc           0%         N/A       100%        4
 Yara's Violent Unravell  Hex/Alch       0%         3d3       100%        5
 Death Channel            Necr           0%         N/A       100%        6
 Sculpt Simulacrum        Ice/Alch       0%         N/A       100%        6


Dungeon Overview and Level Annotations

Branches:
Dungeon (6/15)
 Temple: D:4-7

Altars:
Fedhas
Uskayaw
The Shining One

Annotations:
D:5 2 transporters, Konar's ghost, novice CoHu


Innate Abilities, Weirdness & Mutations

You can wield a second weapon in your off-hand.
It takes a long time for you to wield or remove held weapons.
Your first few attacks do less damage.
You cannot equip rings or amulets.


Message History

j - a wand of paralysis (35) (gained 10 charges)
Found a stone staircase leading down.
Health restored: 64 A bullfrog comes into view.
A bullfrog is nearby!
A bullfrog is nearby!
The bullfrog hits you but does no damage.
You closely miss the bullfrog with your +0 war axe.
You hit the bullfrog with your +2 dagger of venom.
The bullfrog is poisoned.
The bullfrog hits you.
You take 6 damage, and have 58/64 hp.
You hit the bullfrog with your +2 dagger of venom.
The bullfrog looks as sick as possible!
The bullfrog is moderately wounded.
You closely miss the bullfrog with your +0 war axe.
The bullfrog barely misses you. The bullfrog hits you.
You take 2 damage, and have 56/64 hp.
You hit the bullfrog with your +2 dagger of venom.
The bullfrog looks as sick as possible!
The bullfrog is heavily wounded.
You hit the bullfrog with your +0 war axe.
The bullfrog hits you but does no damage.
The bullfrog closely misses you.
You hit the bullfrog with your +2 dagger of venom.
You kill the bullfrog!
No target in view!
You now have 263 gold pieces (gained 13).
v - a scroll labelled WIQOODELUWO Health restored: 64 A steam dragon comes into view.
The steam dragon hisses angrily.
Spoiler Alert: The steam dragon breathes balls of steam!
A steam dragon is nearby!
An ogre comes into view. It is wielding a +0 giant club.
The ogre shouts!
Warning x2: The steam dragon breathes balls of steam!
The ogre can hit for high damage in melee!
The steam dragon breathes steam at you. The ball of steam hits you!
The ogre barely misses you.
You take 15 damage, and have 49/64 hp.
MASSIVE DAMAGE!!
Warning x2: The steam dragon breathes balls of steam!
The ogre can hit for high damage in melee!
You slash the ogre with your +0 war axe!
The ogre is moderately wounded.
You hit the ogre with your +2 dagger of venom.
The ogre is poisoned.
Lua error: [string "/dgldir/rcfiles/crawl-git/Mgcat.rc"]:930: invalid capture index You hit the ogre with your +2 dagger of venom.
The ogre looks as sick as possible!
The ogre is heavily wounded.
You hit the ogre with your +0 war axe.
The ogre is engulfed in a cloud of scalding steam.
The ogre dies!
The steam dragon breathes steam at you. The ball of steam hits you!
Your Axes skill increases to level 8!
You take 8 damage, and have 41/64 hp.
Spoiler Alert: The steam dragon (catching breath) breathes balls of steam!
You are too injured to fight recklessly!
Lua error: [string "/dgldir/rcfiles/crawl-git/Mgcat.rc"]:930: invalid capture index You are too injured to fight recklessly!
Lua error: [string "/dgldir/rcfiles/crawl-git/Mgcat.rc"]:930: invalid capture index You are too injured to fight recklessly!
Lua error: [string "/dgldir/rcfiles/crawl-git/Mgcat.rc"]:930: invalid capture index You are too injured to fight recklessly!
Spoiler Alert: The steam dragon (catching breath) breathes balls of steam!
The steam dragon bites you but does no damage.
The steam dragon claws you.
You take 1 damage, and have 40/64 hp.
Lua error: [string "/dgldir/rcfiles/crawl-git/Mgcat.rc"]:930: invalid capture index You hit the steam dragon with your +2 dagger of venom.
The steam dragon is poisoned.
The steam dragon is lightly wounded.
You hit the steam dragon with your +0 war axe.
You are engulfed in a cloud of scalding steam.
The steam dragon bites you. The steam dragon barely misses you.
You take 4 damage, and have 36/64 hp.
Lua error: [string "/dgldir/rcfiles/crawl-git/Mgcat.rc"]:930: invalid capture index You barely miss the steam dragon with your +2 dagger of venom.
The steam dragon is lightly wounded.
You hit the steam dragon but do no damage.
You are engulfed in a cloud of scalding steam.
The steam dragon bites you.
The steam dragon claws you but does no damage.
You take 11 damage, and have 25/64 hp.
Spoiler Alert: The steam dragon (poisoned) breathes balls of steam!
You hit the steam dragon with your +2 dagger of venom.
The steam dragon looks even sicker.
The steam dragon is moderately wounded.
You hit the steam dragon but do no damage.
The steam dragon breathes steam at you. The ball of steam hits you.
You take 5 damage, and have 20/64 hp.
Spoiler Alert: The steam dragon (very poisoned) breathes balls of steam!
You hit the steam dragon but do no damage.
The steam dragon is heavily wounded.
You closely miss the steam dragon with your +2 dagger of venom.
You are engulfed in a cloud of scalding steam.
* * * LOW HITPOINT WARNING * * *
The steam dragon breathes steam at you. The ball of steam hits you!
You die...

.................................
.##..####.#######.........######.
.##.......# ###.#.#####
..#################.#.# ###
.........#.### ### .........#.#
#.# ........)#.# ..# ......D..#.#
..# .......@§§.# #.# .......§.#.#
..# .......§§#.# #.####
.........#.. #....# .........####
####.## ########## #..# #.# ##
##.###### #.######< #......#
#.#...#..


You could see a steam dragon (very poisoned, catching breath).

Vanquished Creatures
  Sigmund (D:2)
  Menkaure (D:4)
  An orc warrior (D:6)
  A sky beast (D:5)
  3 black bears
  A bullfrog (D:6)
  3 bombardier beetles
  A jelly (D:6)
  A quasit (D:5)
  Crazy Yiuf (D:3)
  2 hounds (D:5)
  An orc priest (D:6)
  Terence (D:2)
  2 iguanas
  Ijyb (D:4)
  Natasha (twice) (D:3)
  5 orc wizards (D:5)
  6 gnolls (D:3)
  5 adders
  5 dart slugs
  A ribbon worm (D:3)
  13 orcs
  5 bats
  8 endoplasms
  3 giant cockroaches
  8 goblins
  8 hobgoblins
  3 kobolds
  5 quokkas
  13 ball pythons
  2 frilled lizards (D:1)
  A goblin skeleton (D:5)
  A goblin zombie (D:5)
  A hobgoblin zombie (D:5)
  2 kobold skeletons (D:5)
  A kobold zombie (D:5)
  2 orc skeletons (D:5)
  An orc zombie (D:5)
  3 rats (D:1)
125 creatures vanquished.

Vanquished Creatures (others)
  An ogre (D:6)
1 creature vanquished.

Grand Total: 126 creatures vanquished

Notes
Turn   | Place    | Note
-------+----------+-------------------------------------------
     0 | D:1      | Mgcat the Coglin Fighter began the quest for the Orb.
     0 | D:1      | Reached XP level 1. HP: 18/18 MP: 1/1
   132 | D:1      | Reached XP level 2. HP: 24/24 MP: 2/2
   302 | D:1      | Reached skill level 3 in Armour
   302 | D:1      | Reached XP level 3. HP: 29/29 MP: 3/3
   718 | D:2      | Found a faded altar of an unknown god.
   723 | D:2      | Reached skill level 3 in Axes
  1056 | D:2      | Noticed Sigmund
  1084 | D:2      | Killed Sigmund
  1085 | D:2      | Reached skill level 4 in Fighting
  1085 | D:2      | Reached skill level 4 in Axes
  1085 | D:2      | Reached XP level 4. HP: 32/37 MP: 4/4
  1085 | D:2      | Reached XP level 5. HP: 37/42 MP: 5/5
  1135 | D:2      | Reached XP level 6. HP: 48/48 MP: 6/6
  1166 | D:2      | Noticed Terence
  1182 | D:2      | Killed Terence
  1510 | D:3      | Found a runed translucent door.
  1511 | D:3      | Noticed Crazy Yiuf
  1560 | D:3      | Noticed Natasha
  1685 | D:3      | Killed Natasha
  1696 | D:3      | Found a hide-covered altar of Uskayaw.
  2164 | D:3      | Reached skill level 5 in Axes
  2164 | D:3      | Reached skill level 4 in Armour
  2304 | D:3      | Noticed Natasha
  2309 | D:3      | Killed Natasha
  2348 | D:3      | HP: 11/49 [Crazy Yiuf/+2 quarterstaff of chaos (8)]
  2350 | D:3      | HP: 3/49 [Crazy Yiuf/+2 quarterstaff of chaos (3)]
  2351 | D:3      | HP: 1/49 [poisoned by Crazy Yiuf]
  2355 | D:3      | Killed Crazy Yiuf
  2356 | D:3      | HP: 16/73 [poisoned by Crazy Yiuf]
  2362 | D:3      | HP: 13/73 [poisoned by Crazy Yiuf]
  2679 | D:4      | Noticed a black bear
  2693 | D:4      | Killed a black bear
  2694 | D:4      | Reached XP level 7. HP: 53/55 MP: 7/7
  2738 | D:4      | Noticed Menkaure
  2753 | D:4      | Killed Menkaure
  2817 | D:4      | Reached skill level 5 in Fighting
  2817 | D:4      | Reached skill level 6 in Axes
  2959 | D:4      | Noticed Ijyb
  2969 | D:4      | Killed Ijyb
  3399 | D:5      | Entered Level 5 of the Dungeon
  3409 | D:5      | Reached XP level 8. HP: 62/62 MP: 8/8
  3554 | D:5      | Reached skill level 5 in Armour
  3613 | D:5      | Found a transporter.
  3614 | D:5      | Noticed Konar's ghost (novice CoHu)
  3623 | D:5      | Found a transporter.
  3648 | D:5      | Reached skill level 7 in Axes
  3985 | D:5      | Found a glowing golden altar of the Shining One.
  4306 | D:6      | Reached skill level 6 in Fighting
  4338 | D:6      | Found a blossoming altar of Fedhas.
  4497 | D:6      | Reached skill level 8 in Axes
  4501 | D:6      | HP: 11/64 [steam dragon] (9)]
  4501 | D:6      | Killed from afar by a steam dragon

Illustrated notes

Levels and vault maps discovered:
D:1:      minmay_arrival_split_and_join, layout_basic
D:2:      layout_basic, shapermc_ecumenical_altar_mp_highgroup, uniq_sigmund,
          uniq_terence
D:3:      layout_loops_ring, mainiacjoe_overflow_brackets,
          uniq_crazy_yiuf_cottage, uniq_natasha
D:4:      layout_basic, uniq_ijyb, uniq_menkaure
D:5:      layout_gridville, nicolae_tso_besieged_by_evil, gammafunk_ghost_smash
D:6:      layout_basic, fedhas_altar_1, minmay_temple_entry_statues_pillars

Skill      XL: |  1  2  3  4  5  6  7  8 |
---------------+-------------------------+-----
Armour         | 3 4 5 |  5.6
Axes           | 4 5 6 8 |  8.0
Fighting       | 4 5 6 |  6.2
Shields        | |  2.1

Action                     |  1- 3 |  4- 6 |  7- 9 || total
---------------------------+-------+-------+-------++-------
  Melee: War axe           |    59 |    69 |   148 ||   276
         Club              |    11 |       |       ||    11
         Dagger            |    41 |    60 |   146 ||   247
    Use: Potion            |     1 |     6 |       ||     7
         Scroll            |       |       |     1 ||     1
 Armour: Scale mail        |    49 |    23 |       ||    72
         Chain mail        |       |    32 |   153 ||   185
         Skin              |       |     2 |       ||     2
  Dodge: Dodged            |    23 |    32 |    47 ||   102

Table legend: (Time is in decaauts)
 A = Elapsed time spent in this place.
 B = Non-inter-level travel time spent in this place.
 C = Inter-level travel time spent in this place.
 D = Time resting spent in this place.
 E = Time spent auto-exploring this place.
 F = Levels seen in this place.
 G = Mean time per level.
                   A        B        C        D        E       F      G
               +--------+--------+--------+--------+--------+-----+--------+
         Total |   4516 |   4324 |    192 |    371 |   3143 |   6 |  752.7 |
       Dungeon |   4516 |   4324 |    192 |    371 |   3143 |   6 |  752.7 |
               +--------+--------+--------+--------+--------+-----+--------+

Top non-repeatable levels by time:
     D:3: 1212 daAuts
     D:5: 864 daAuts
     D:4: 790 daAuts
     D:2: 704 daAuts
     D:1: 699 daAuts
     D:6: 246 daAuts

Levels and vault maps discovered:
D:1:      minmay_arrival_split_and_join, layout_basic
D:2:      layout_basic, shapermc_ecumenical_altar_mp_highgroup, uniq_sigmund,
          uniq_terence
D:3:      layout_loops_ring, mainiacjoe_overflow_brackets,
          uniq_crazy_yiuf_cottage, uniq_natasha
D:4:      layout_basic, uniq_ijyb, uniq_menkaure
D:5:      layout_gridville, nicolae_tso_besieged_by_evil, gammafunk_ghost_smash
D:6:      layout_basic, fedhas_altar_1, minmay_temple_entry_statues_pillars

Table legend: (Time is in decaauts)
 A = Elapsed time spent in this place.
 B = Non-inter-level travel time spent in this place.
 C = Inter-level travel time spent in this place.
 D = Time resting spent in this place.
 E = Time spent auto-exploring this place.
 F = Levels seen in this place.
 G = Mean time per level.
                   A        B        C        D        E       F      G
               +--------+--------+--------+--------+--------+-----+--------+
         Total |   4516 |   4324 |    192 |    371 |   3143 |   6 |  752.7 |
       Dungeon |   4516 |   4324 |    192 |    371 |   3143 |   6 |  752.7 |
               +--------+--------+--------+--------+--------+-----+--------+

Top non-repeatable levels by time:
     D:3: 1212 daAuts
     D:5: 864 daAuts
     D:4: 790 daAuts
     D:2: 704 daAuts
     D:1: 699 daAuts
     D:6: 246 daAuts

Table legend:
 A = Kills in this place as a percentage of kills in the entire game.
 B = Kills by you in this place as a percentage of kills by you in the entire game.
 C = Kills by friends in this place as a percentage of kills by friends in the entire game.
 D = Other kills in this place as a percentage of other kills in the entire game.
 E = Experience gained in this place as a percentage of experience gained in the entire game.
 F = Experience gained in this place divided by the number of levels of this place that you have seen.
                   A       B       C       D       E      F
               +-------+-------+-------+-------+-------+----------------------
         Total | 100.0 | 100.0 |   N/A | 100.0 | 100.0 | 385.2
       Dungeon | 100.0 | 100.0 |   N/A | 100.0 | 100.0 | 385.2
               +-------+-------+-------+-------+-------+----------------------
